 Dungeon Crawl Stone Soup version 0.31.0-12-g77e489cdc1 (webtiles) character file.

Game seed: 15507206450691057961

1146 Gadfly the Insei (level 8, 0/46 (58) HPs)
             Began as a Demonspawn Monk on Mar 3, 2024.
             Slain by Edmund
             ... wielding a +2 dire flail of draining
              (6 damage)
             ... on level 4 of the Dungeon.
             The game lasted 00:05:47 (5461 turns).

Gadfly the Insei (Demonspawn Monk)                  Turns: 5461, Time: 00:05:47

HP:   0/46 (58)     AC: 10    Str: 13    XL:     8   Next: 15%
MP:   8/8           EV: 13    Int: 12    God:
Gold: 264           SH:  0    Dex: 15    Spells: 7/7 levels left

rFire   + .          .
                       - Unarmed
rCold   . . .        c - orb {light}
rNeg    . . .        q - +4 robe "Bupeinon" {rCorr}
rPois   .            n - +0 helmet
rElec   .            (no cloak)
rCorr   +            (no gloves)
SInv    .            d - +2 pair of boots
Will    .....        (no amulet)
Stlth   +            i - ring of protection from fire
HPRegen 0.27/turn    (no ring)
MPRegen 0.11/turn

%: no passive effects
@: glowing, heavily drained
A: powered by death 1, weakness stinger 1
a: no special abilities


You were on level 4 of the Dungeon.
You visited 1 branch of the dungeon, and saw 5 of its levels.

You collected 264 gold pieces.

Inventory:

Hand Weapons
 m - a +5 short sword
Armour
 c - an orb of light (worn)
 d - a +2 pair of boots (worn)
 n - a +0 helmet (worn)
 q - the +4 robe "Bupeinon" (worn) {rCorr}
   (You took it off a goblin on level 3 of the Dungeon)

   rCorr:     It protects you from acid and corrosion.
Jewellery
 i - a ring of protection from fire (left hand)
Talismans
 e - a beast talisman
 f - a flux talisman
 o - a maw talisman
Wands
 r - a wand of charming (5) (quivered)
Scrolls
 j - 2 scrolls of silence
 l - a scroll of identify
Potions
 a - a potion of haste
 b - a potion of ambrosia
 h - 3 potions of might
 k - a potion of berserk rage
 p - a potion of mutation


   Skills:
 - Level 3.0 Fighting
 + Level 4.3 Dodging
 * Level 5.4 Unarmed Combat
 * Level 4.8 Evocations
 * Level 4.1 Shapeshifting


You had 7 spell levels left.
You didn't know any spells.
Your spell library was empty.

Dungeon Overview and Level Annotations

Branches:
Dungeon (5/15)
 Temple: D:4-7

Altars:
Sif Muna
Vehumet
Xom

Portals:
Abyss: D:4

Annotations:
D:4 2 transporters, AbbaRin's ghost, amateur DECj; Edmund
D:5 Prince Ribbit


Innate Abilities, Weirdness & Mutations

You regenerate a little health from kills.
You have a small tail.


Message History

Edmund zaps a wand.
The puff of flame misses you.
You punch Edmund!
Edmund is severely wounded.
You barely miss Edmund.
Edmund is severely wounded.
Edmund zaps a wand.
The puff of flame hits you. You resist.
You completely miss Edmund.
Edmund is severely wounded.
Edmund zaps a wand.
The puff of flame hits you. You resist.
You hit Edmund but do no damage. You tail-slap Edmund.
Edmund is severely wounded.
Edmund hits you with a +2 dire flail of draining.
* * * LOW HITPOINT WARNING * * *
You feel drained.
* * * LOW HITPOINT WARNING * * *
You hit Edmund but do no damage. You tail-slap Edmund.
Edmund is almost dead.
Edmund misses you.
You hit Edmund but do no damage.
Edmund is almost dead.
Edmund hits you with a +2 dire flail of draining.
* * * LOW HITPOINT WARNING * * *
You feel drained.
* * * LOW HITPOINT WARNING * * *
You hit Edmund but do no damage.
Edmund is almost dead.
Edmund hits you with a +2 dire flail of draining.
* * * LOW HITPOINT WARNING * * *
You feel drained.
You feel better.
Edmund hits you with a +2 dire flail of draining.
* * * LOW HITPOINT WARNING * * *
You feel drained.
* * * LOW HITPOINT WARNING * * *
Okay, then.
You hit Edmund.
Edmund is almost dead.
Edmund hits you with a +2 dire flail of draining.
You die...
Edmund whines, "They better pay attention to me now!"

##.######...###
###.......+...'<.
##....######...### ##..##.#
#...##. ###..###.# #...##.
### #........# ######. #.#
#†#################..
###.####>................+..
#.....##..@@......########..
###.#.##..........'.........
#.#.##..........#####.....
#.#.##..........#.....####
###............####......###
#.......#...#...# #......##.
###.#).###.###..###......#..
#####...#...#......#.....#..
#........._..............#..


You could see Edmund.

Vanquished Creatures
  Grinder (D:3)
  A water moccasin (D:4)
  A black bear (D:4)
  An ogre (D:4)
  A phantom (D:4)
  A scorpion (D:5)
  3 bombardier beetles
  An orc priest (D:5)
  A hound (D:4)
  Ijyb (D:5)
  Terence (D:3)
  2 iguanas (D:5)
  Natasha (thrice) (D:2)
  An orc wizard (D:4)
  Robin (D:3)
  8 adders
  7 orcs
  7 endoplasms
  4 giant cockroaches
  17 goblins
  9 hobgoblins
  11 jackals
  7 kobolds
  4 quokkas
  12 ball pythons
  4 bats
  4 frilled lizards
  4 rats
118 creatures vanquished.

Notes
Turn   | Place    | Note
-------+----------+-------------------------------------------
     0 | D:1      | Gadfly the Demonspawn Monk began the quest for the Orb.
     0 | D:1      | Reached XP level 1. HP: 18/18 MP: 1/1
   106 | D:1      | Found a faded altar of an unknown god.
   199 | D:1      | Gained mutation: You have a small tail. [demonic ancestry]
   199 | D:1      | Reached XP level 2. HP: 17/24 MP: 2/2
   426 | D:1      | Reached skill level 3 in Unarmed Combat
   517 | D:1      | Reached skill level 1 in Evocations
  1010 | D:2      | Reached skill level 1 in Shapeshifting
  1057 | D:2      | Found a shimmering altar of Xom.
  1068 | D:2      | Reached XP level 3. HP: 25/29 MP: 3/3
  1287 | D:2      | Noticed Natasha
  1299 | D:2      | Killed Natasha
  1492 | D:2      | Reached XP level 4. HP: 35/35 MP: 4/4
  1547 | D:2      | Noticed Natasha
  1558 | D:2      | Killed Natasha
  1866 | D:2      | Noticed Natasha
  1875 | D:2      | Killed Natasha
  2206 | D:3      | Noticed Terence
  2214 | D:3      | Killed Terence
  2215 | D:3      | Gained mutation: You regenerate a little health from kills.
                  | [demonic ancestry]
  2215 | D:3      | Reached XP level 5. HP: 40/41 MP: 5/5
  2650 | D:3      | Noticed Robin
  2917 | D:3      | Identified the +4 robe "Bupeinon" {rCorr}
  2936 | D:3      | Killed Robin
  3150 | D:3      | Noticed Grinder
  3174 | D:3      | Killed Grinder
  3175 | D:3      | Reached skill level 4 in Unarmed Combat
  3175 | D:3      | Reached XP level 6. HP: 34/47 MP: 6/6
  3540 | D:4      | Reached XP level 7. HP: 30/52 MP: 7/7
  3968 | D:4      | Found a one-way gate to the infinite horrors of the Abyss.
  3968 | D:4      | Noticed AbbaRin's ghost (amateur DECj)
  3993 | D:4      | Found a transporter.
  3994 | D:4      | Noticed an ancient zyme
  3997 | D:4      | Found a transporter.
  4088 | D:4      | Found a radiant altar of Vehumet.
  4172 | D:4      | Found a shimmering blue altar of Sif Muna.
  4690 | D:5      | Entered Level 5 of the Dungeon
  4730 | D:5      | Reached skill level 5 in Unarmed Combat
  4834 | D:5      | Noticed Ijyb
  4885 | D:5      | Killed Ijyb
  5214 | D:5      | Reached XP level 8. HP: 57/58 MP: 8/8
  5253 | D:5      | Noticed Edmund
  5254 | D:5      | Noticed Prince Ribbit
  5459 | D:4      | HP: 1/49 [Edmund/+2 dire flail of draining (5)]
  5461 | D:4      | Slain by Edmund

Illustrated notes

Levels and vault maps discovered:
D:1:      dpeg_arrival_rooms_c, layout_basic, shapermc_ecumenical_altar_venn,
          corexii_leaking_fountain
D:2:      layout_basic, basic_altar, hangedman_decor_push, uniq_natasha
D:3:      layout_basic, kennysheep_donut, palyth_stone_intersect,
          minmay_misc_feat_cross, hangedman_decor_clover_reticule,
          dreamdust_princess_corridor, serial_park_tiny_2, uniq_terence,
          uniq_grinder, uniq_robin
D:4:      black_bear_nest_2, layout_basic, nicolae_sif_muna_condensation,
          vehumet_crystals, gammafunk_ghost_abyssal_escape
D:5:      layout_loops_cross, minmay_misc_feat_roman, uniq_edmund, uniq_ijyb,
          uniq_prince_ribbit1

Skill      XL: |  1  2  3  4  5  6  7  8 |
---------------+-------------------------+-----
Unarmed Combat | 3 4 5 |  5.4
Evocations     | 1 2 3 4 |  4.8
Shapeshifting  | 1 2 3 4 |  4.1
Dodging        | 3 4 |  4.3
Fighting       | |  3.0

Action                     |  1- 3 |  4- 6 |  7- 9 || total
---------------------------+-------+-------+-------++-------
  Melee: Unarmed           |   116 |   154 |   203 ||   473
         Tailslap          |    12 |    22 |    38 ||    72
    Use: Scroll            |     2 |     5 |     3 ||    10
         Potion            |       |     1 |     1 ||     2
 Armour: Robe              |    72 |    73 |   115 ||   260
  Dodge: Dodged            |    72 |    82 |   136 ||   290
